 Dungeon Crawl Stone Soup version 0.29-a0-344-ge2f44be95a (webtiles) character file.

Game seed: 11994154941892927493

8 NinjaNoafa the Poker (level 2, -1/24 HPs)
             Began as a Merfolk Monk on Apr 21, 2022.
             Slain by a gnoll
             ... wielding a +0 spear
              (6 damage)
             ... on level 1 of the Dungeon.
             The game lasted 00:00:43 (150 turns).

NinjaNoafa the Poker (Merfolk Monk)                  Turns: 150, Time: 00:00:43

Health: -1/24      AC:  2    Str: 11    XL:     2   Next: 8%
Magic:  2/2        EV: 14    Int:  9    God:
Gold:   13         SH:  0    Dex: 16    Spells: 1/1 levels left

rFire   . . .      SeeInvis .   a - +0 spear
rCold   . . .      Faith    .   (no shield)
rNeg    . . .      Spirit   .   b - +0 robe
rPois   .          Reflect  .   (no helmet)
rElec   .          Harm     .   (no cloak)
rCorr   .          Rampage  .   (no gloves)
Will    .....                   (no boots)
Stlth   ++........              (no amulet)
HPRegen 0.08/turn               (no ring)
MPRegen 0.08/turn               (no ring)

@: no status effects
A: (nimble swimmer 2), mertail
a: no special abilities


You were on level 1 of the Dungeon.
You visited 1 branch of the dungeon, and saw 1 of its levels.

You collected 13 gold pieces.

Inventory:

Hand Weapons
 a - a +0 spear (weapon)
Armour
 b - a +0 robe (worn)


   Skills:
 + Level 3.4 Fighting
 + Level 4.2 Polearms
 + Level 4.2 Dodging
 + Level 2.4 Stealth


You had one spell level left.
You didn't know any spells.
Your spell library was empty.

Dungeon Overview and Level Annotations

Branches:
Dungeon (1/15)

Altars:


Innate Abilities, Weirdness & Mutations

((You are very nimble when in or above water. (Stealth+, EV+, Speed+++)))
Your lower body shifts to a powerful aquatic tail in water.


Message History

The goblin hits you with a +0 dagger.
You miss the goblin.
The gnoll hits you from afar with a +0 spear!
* * * LOW HITPOINT WARNING * * *
The goblin closely misses you. The goblin attacks as you move away!
The goblin barely misses you.
You are confused.
You feel invigorated. The goblin hits you but does no damage.
You bump into the rock wall.
The gnoll misses you. The goblin barely misses you.
The goblin attacks as you move away! The goblin barely misses you.
You feel less invigorated.
You feel less confused. The goblin attacks as you move away!
The goblin hits you with a +0 dagger. The goblin attacks as you move away!
The goblin hits you with a +0 dagger. The goblin attacks as you move away!
The goblin closely misses you.
Found 11 stones.
You see here a bat corpse.
The goblin attacks as you move away! The goblin misses you.
There is an open door here.
The goblin attacks as you move away! The goblin barely misses you.
You hit the goblin.
You kill the goblin!
You reach to attack!
You hit the gnoll.
The gnoll is moderately wounded.
You reach to attack!
You closely miss the gnoll.
The gnoll is moderately wounded.
The gnoll completely misses you.
You reach to attack!
You hit the gnoll but do no damage.
The gnoll is moderately wounded.
The gnoll hits you from afar with a +0 spear!
* * * LOW HITPOINT WARNING * * *
A goblin comes into view. It is wielding a +1 dagger of venom.
The goblin shouts!
The goblin hits you with a +1 dagger of venom.
* * * LOW HITPOINT WARNING * * *
The rat twitches its whiskers.
You closely miss the goblin.
The gnoll hits you from afar with a +0 spear.
You die...

#+# +# #.. ..# ... #.. #.# #.#
# #.# #.# ##. #.# #.#
##.####.##g# ## +.....rg.@#
..+ #..####.### #.. #.#.###.#
#.# #.##g#.## #.# #. ##.##
##.# .......#. #.#.## ##.#
.......#.#.###.# #.##
.......#..####.### ###.####..#
......)+.........###..<......+


You could see a gnoll, a goblin and a rat.

Vanquished Creatures
  A ball python (D:1)
  A bat (D:1)
  A goblin (D:1)
  2 hobgoblins (D:1)
  2 frilled lizards (D:1)
7 creatures vanquished.

Vanquished Creatures (others)
  3 plants (D:1)
3 creatures vanquished.

Grand Total: 10 creatures vanquished

Notes
Turn   | Place    | Note
-------+----------+-------------------------------------------
     0 | D:1      | NinjaNoafa the Merfolk Monk began the quest for the Orb.
     0 | D:1      | Reached XP level 1. HP: 18/18 MP: 1/1
   104 | D:1      | Reached XP level 2. HP: 24/24 MP: 2/2
   150 | D:1      | Slain by a gnoll

Illustrated notes

Levels and vault maps discovered:
D:1:      roderic_octagonal_star, layout_rooms, shapermc_ecumenical_altar_venn,
          nicolae_grassy_gnolls

Action                   || total
-------------------------++-------
Melee: Spear             ||    23
  Use: Potion            ||     2
       Scroll            ||     1
 Stab: Sleeping          ||     1
Armor: Robe              ||     6
Dodge: Dodged            ||    24

Table legend: (Time is in decaauts)
 A = Elapsed time spent in this place.
 B = Non-inter-level travel time spent in this place.
 C = Inter-level travel time spent in this place.
 D = Time resting spent in this place.
 E = Time spent auto-exploring this place.
 F = Levels seen in this place.
 G = Mean time per level.
                   A        B        C        D        E       F      G
               +--------+--------+--------+--------+--------+-----+--------+
         Total |    147 |    147 |      0 |      0 |     52 |   1 |  147.0 |
       Dungeon |    147 |    147 |      0 |      0 |     52 |   1 |  147.0 |
               +--------+--------+--------+--------+--------+-----+--------+

Top non-repeatable levels by time:
     D:1: 147 daAuts
